 Dungeon Crawl Stone Soup version 0.28.0-45-g0d030f2227 (webtiles) character file.

Game seed: 2429088179686725699

93 GigaChad the Slasher (level 4, -12/41 HPs)
             Began as a Minotaur Chaos Knight on Apr 21, 2022.
             Was an Initiate of Gozag.
             Mangled by an ice devil (13 damage)
             ... summoned by Xom
             ... on level 3 of the Dungeon.
             The game lasted 00:18:12 (2932 turns).

GigaChad the Slasher (Minotaur Chaos Knight)        Turns: 2932, Time: 00:18:16

Health: -12/41     AC:  7    Str: 17      XL:     4   Next: 36%
Magic:  3/3        EV: 12    Int:  1 (9)  God:    Gozag
Gold:   186        SH:  0    Dex: 14      Spells: 2/3 levels left

rFire   . . .      SeeInvis .   a - +0 falchion (chaos)
rCold   . . .      Faith    .   (no shield)
rNeg    . . .      Spirit   .   h - +1 robe of the Thinker {Dex+3}
rPois   .          Reflect  .   (helmet restricted)
rElec   .          Harm     .   j - scarf {repulsion}
rCorr   .          Rampage  .   (no gloves)
Will    .....                   (no boots)
Stlth   +.........              (no amulet)
HPRegen 0.13/turn               f - +4 ring of protection
MPRegen 0.08/turn               (no ring)

@: repel missiles, very slow
A: horns 2, retaliatory headbutt
a: Renounce Religion, Potion Petition, Call Merchant, Bribe Branch


You were on level 3 of the Dungeon.
You worshipped Gozag.
Gozag was aware of your devotion.
You visited 1 branch of the dungeon, and saw 3 of its levels.

You collected 203 gold pieces.
You paid 17 gold pieces to Gozag.

Inventory:

Hand Weapons
 a - a +0 falchion of chaos (weapon)
Missiles
 g - 76 arrows
Armour
 b - a +2 leather armour
 h - the +1 robe of the Thinker (worn) {Dex+3}
   (You found it on level 2 of the Dungeon)

   Dex:       It affects your dexterity (+3).
 j - a scarf of repulsion (worn)
 l - the +0 ring mail "Huolimoo" {Dex+2}
   (You found it on level 3 of the Dungeon)

   Dex:       It affects your dexterity (+2).
Jewellery
 f - a +4 ring of protection (left hand)
Scrolls
 d - 2 scrolls of identify
 i - a scroll of enchant armour {unknown}
 k - a scroll of amnesia
 m - 2 scrolls of enchant weapon {unknown}
 n - a scroll of teleportation {unknown}
Potions
 c - 2 potions of curing {unknown}
 e - a potion of lignification
 o - a potion of might {unknown}


   Skills:
 + Level 4.5 Fighting
 + Level 5.1 Long Blades
 + Level 2.8 Armour
 + Level 1.7 Dodging


You had 2 spell levels left.
You knew the following spells:

 Your Spells              Type           Power      Damage    Failure   Level
a - Pain                  Necr           0%         1d4       56%         1

Your spell library contained the following spells:

 Spells                   Type           Power      Damage    Failure   Level
 Slow                     Hex            0%         N/A       56%         1
 Confusing Touch          Hex            0%         N/A       91%         3
 Vampiric Draining        Necr           0%         2d6       91%         3
 Agony                    Necr           0%         N/A       100%        5
 Excruciating Wounds      Necr           0%         N/A       100%        5


Dungeon Overview and Level Annotations

Branches:
Dungeon (3/15)

Altars:
Cheibriados
Gozag


Innate Abilities, Weirdness & Mutations

You have a pair of horns on your head.
You reflexively headbutt those who attack you in melee.


Message History

Something tries to feed on your intellect!
The iron imp misses you. You furiously retaliate!
You headbutt the iron imp, but do no damage.
The ice devil closely misses you. The neqoxec gestures at you.
You feel dopey. Something feeds on your intellect!
You closely miss the ice devil.
You headbutt the ice devil, but do no damage.
The iron imp hits you! The ice devil hits you. The ice devil freezes you!
The ice devil completely misses you. You furiously retaliate!
You headbutt the ice devil, but do no damage.
You barely miss the ice devil. Your headbutt misses the ice devil.
You feel yourself speed up. The neqoxec closely misses you.
You furiously retaliate!
You headbutt the neqoxec. The ice devil barely misses you.
You closely miss the ice devil. The neqoxec closely misses you.
The ice devil misses you.
You slash the ice devil!
The ice devil is lightly wounded.
The neqoxec hits you!
* * * LOW HITPOINT WARNING * * *
The ice devil completely misses you.
You barely miss the ice devil.
The ice devil is lightly wounded.
The iron imp shouts, "Turn tail, thou artless tickle-brained measle!"
The neqoxec barely misses you. The ice devil barely misses you.
You slash the ice devil!
The ice devil is moderately wounded.
The iron imp shouts, "Abandon hope, thou feckless nut-hook ratsbane!"
The neqoxec barely misses you. The ice devil completely misses you.
You hit the neqoxec. You freeze the neqoxec. Your headbutt misses the neqoxec.
The neqoxec is moderately wounded.
The neqoxec gestures at you.
Something tries to feed on your intellect!
The ice devil hits you!
* * * LOW HITPOINT WARNING * * *
The ice devil freezes you!
You die...
Your body crumbles into a pile of gold.

.##........###.#'####.##.#.####.#
.##...#......#.### #.##.#..###.#
.##...#.#..#.#.###+##.##.........
#...#.#..#.#.#......##.<.......
#...#.#..#.#.#......##.##..##.#
#...#.#..#..........##.....##.#
#####.#.[)..........##.....##..
#....#.#5###'##........# #
...+.#53@45...##.##..##.# ...#
#5###5##.#..........
.......................... #.
..................#
#.......#..#..#..#...#
................#...#
.......#..#..#.##.#.#
...##..#..#..#.# .#.. #.
#..#..#.# .


You could see an ice devil (summoned), a neqoxec (summoned), 2 iron imps, a
quasit (summoned), a crimson imp (summoned) and a white imp (summoned).

Vanquished Creatures
  An adder (D:2)
  A worm (D:2)
  2 dart slugs
  8 orcs (D:3)
  5 endoplasms
  2 giant cockroaches (D:1)
  5 goblins
  7 hobgoblins
  2 jackals (D:3)
  3 quokkas
  5 ball pythons
  7 bats
  3 frilled lizards (D:1)
  5 kobolds
  9 rats
65 creatures vanquished.

Notes
Turn   | Place    | Note
-------+----------+-------------------------------------------
     0 | D:1      | GigaChad the Minotaur Chaos Knight began the quest for the
                  | Orb.
     0 | D:1      | Reached XP level 1. HP: 19/19 MP: 0/0
    76 | D:1      | XOM: potion effect (curing)
   109 | D:1      | Reached XP level 2. HP: 21/27 MP: 1/1
   113 | D:1      | Reached skill level 4 in Long Blades
   595 | D:1      | XOM: noise
   618 | D:1      | XOM: 5-stop teleportation journey
   632 | D:1      | XOM: 1-stop teleportation journey
   718 | D:1      | Reached XP level 3. HP: 33/33 MP: 2/2
   963 | D:1      | Found a faded altar of an unknown god.
   968 | D:1      | Prayed at the altar of an unknown god.
   968 | D:1      | Fell from the grace of Xom
   968 | D:1      | Became a worshipper of Cheibriados the Contemplative
   968 | D:1      | Reached * piety under Cheibriados
  1112 | D:2      | Learned a level 1 spell: Pain
  1579 | D:2      | Identified the +1 robe of the Thinker {Dex+3}
  1695 | D:2      | Found an opulent altar of Gozag.
  1752 | D:2      | XOM: summons 4 hostile demons
  1773 | D:2      | Fell from the grace of Cheibriados
  1837 | D:2      | Became a worshipper of Gozag Ym Sagoz the Greedy
  2283 | D:3      | Reached XP level 4. HP: 41/41 MP: 3/3
  2295 | D:3      | Reached skill level 5 in Long Blades
  2354 | D:3      | Identified the +0 ring mail "Huolimoo" {Dex+2}
  2922 | D:3      | XOM: summons 8 hostile demons
  2923 | D:3      | Noticed an ice devil
  2923 | D:3      | Noticed a neqoxec
  2932 | D:3      | HP: 1/41 [ice devil[Xom] (11)]
  2932 | D:3      | Mangled by an ice devil

Illustrated notes

Levels and vault maps discovered:
D:1:      wander_arrival_peaceful_grave, layout_basic,
          hellmonk_ecumenical_altar_leap_of_faith, grunt_decor_mini_mirrors
D:2:      layout_basic, basic_altar
D:3:      layout_basic, minmay_quadrilaterals

Skill      XL: |  1  2  3  4 |
---------------+-------------+-----
Fighting       | 4 |  4.5
Long Blades    | 4 5 |  5.1
Armour         | |  2.8
Dodging        | |  1.7

Action                   |  1- 3 |  4- 6 || total
-------------------------+-------+-------++-------
Melee: Falchion          |   100 |    37 ||   137
       Headbutt          |    14 |     7 ||    21
  Use: Scroll            |     2 |       ||     2
 Stab: Distracted        |       |     1 ||     1
       Paralysed         |       |     1 ||     1
Armor: Leather armour    |    33 |       ||    33
       Robe              |    15 |    20 ||    35
Dodge: Dodged            |    71 |    43 ||   114
